 Dungeon Crawl Stone Soup version 0.26-a0-808-g930a2b7adc (webtiles) character file.

Game seed: 16847750792275296131

6358 Riddle the Blocker (level 10, -3/61 HPs)
             Began as a Gargoyle Fighter on Nov 12, 2020.
             Was a Priest of Hepliaklqana.
             Slain by a troll (7 damage)
             ... on level 9 of the Dungeon.
             The game lasted 00:14:27 (8548 turns).

Riddle the Blocker (Gargoyle Fighter)               Turns: 8548, Time: 00:14:28

Health: -3/61      AC: 24    Str: 28    XL:     10   Next: 96%
Magic:  10/10      EV:  6    Int: 10    God:    Hepliaklqana [***...]
Gold:   592        SH: 17    Dex:  9    Spells: 9/9 levels left

rFire    . . .     SeeInvis .   L - +3 war axe
rCold    . . .     Faith    .   c - +0 kite shield
rNeg     + . .     Spirit   .   t - +0 plate armour
rPois    ∞         Reflect  +   x - +0 helmet
rElec    +         Harm     .   o - +0 cloak
rCorr    +         Rampage  .   (no gloves)
MR       .....                  (no boots)
Stlth    ..........             s - amulet of reflection
HPRegen  0.20/turn              I - ring of resist corrosion
MPRegen  0.12/turn              F - +6 ring of strength

@: studying Axes
A: reduced essence, negative energy resistance 1, electricity resistance,
unbreathing, petrification resistance, rot immunity, AC +7
a: Recall Ancestor, Ancestor Identity, Transference, Renounce Religion


You were on level 9 of the Dungeon.
You worshipped Hepliaklqana.
Hepliaklqana was most pleased with you.
You visited 2 branches of the dungeon, and saw 10 of its levels.

You collected 592 gold pieces.

Inventory:

Hand Weapons
 L - a +3 war axe (weapon)
Armour
 c - a +0 kite shield (worn)
 o - a +0 cloak (worn)
 t - a +0 plate armour (worn)
 x - a +0 helmet (worn)
Jewellery
 s - an amulet of reflection (around neck)
 w - an uncursed amulet of faith
 C - an uncursed ring of protection from cold
 F - a +6 ring of strength (right hand)
 I - a ring of resist corrosion (left hand)
Wands
 K - a wand of acid (7)
Scrolls
 e - 2 scrolls of enchant armour {unknown}
 g - 9 scrolls of identify
 h - a scroll of blinking {unknown}
 i - 5 scrolls of amnesia {unknown}
 j - 5 scrolls of teleportation {unknown}
 k - 6 scrolls of remove curse {unknown}
 l - 2 scrolls of noise {unknown}
 n - 2 scrolls of magic mapping {unknown}
 p - a scroll of enchant weapon {unknown}
 q - 5 scrolls of random uselessness {unknown}
 u - 3 scrolls of immolation {unknown}
 y - a scroll of torment {unknown}
 A - a scroll of fog {unknown}
Potions
 b - 3 potions of flight {unknown}
 d - 3 potions of might
 f - 4 potions of heal wounds {unknown}
 m - 5 potions of curing {unknown}
 r - 2 potions of mutation {unknown}
 z - a potion of brilliance {unknown}
 B - a potion of magic {unknown}
 D - 2 potions of experience {unknown}
 E - a potion of berserk rage {unknown}
 G - a potion of lignification {unknown}
 H - 3 potions of degeneration {unknown}
 J - a potion of invisibility {unknown}
Books
 v - a manual of Axes


   Skills:
 + Level 9.8 Fighting
 * Level 9.4 Axes
 + Level 9.8 Armour
 + Level 9.8 Shields


You had 9 spell levels left.
You didn't know any spells.
Your spell library contained the following spells:

 Spells                   Type           Power        Failure   Level
 Animate Skeleton         Necr           #.....       99%         1
 Apportation              Tloc           #.....       99%         1
 Beastly Appendage        Tmut           #.....       99%         1
 Corona                   Hex            #......      99%         1
 Summon Small Mammal      Summ           #...         99%         1
 Call Imp                 Summ           #.......     100%        2
 Wereblood                Tmut           #.......     100%        2
 Call Canine Familiar     Summ           #.......     100%        3
 Confusing Touch          Hex            #.......     100%        3
 Gell's Gravitas          Tloc           #.........   100%        3
 Spider Form              Tmut/Pois      #.........   100%        3
 Summon Guardian Golem    Hex/Summ       #.......     100%        3
 Ice Form                 Ice/Tmut       #.......     100%        4
 Petrify                  Tmut/Erth      #.......     100%        4
 Summon Ice Beast         Ice/Summ       #.......     100%        4
 Summon Lightning Spire   Summ/Air       #.......     100%        4
 Blade Hands              Tmut           #.........   100%        5
 Metabolic Englaciation   Hex/Ice        #.........   100%        5
 Yara's Violent Unravell  Hex/Tmut       #.........   100%        5


Dungeon Overview and Level Annotations

Branches:
Dungeon (9/15)             Temple (1/1) D:4            Lair (0/6) D:9
    Orc: D:9-12

Altars:
Ashenzari
Cheibriados
Dithmenos
Elyvilon
Fedhas
Gozag
Hepliaklqana
Kikubaaqudgha
Makhleb
Nemelex Xobeh
Okawaru
Qazlal
Ru
Sif Muna
Trog
Uskayaw
Vehumet
Wu Jian
Xom
Yredelemnul
Zin
The Shining One
Beogh

Shops:
D:5 }

Annotations:
D:4 3 runed translucent doors, Kinoniko's ghost, amateur MfGl
D:8 2 runed translucent doors, Kinoniko's ghost, novice MiFi


Innate Abilities, Weirdness & Mutations

You are resistant to torment.
Your stone body is resilient. (AC +7)
You are immune to poison.
You resist negative energy. (rN+)
You are resistant to electric shocks. (rElec)
You can survive without breathing.
You are immune to petrification.
You are immune to rotting.
Your life essence is reduced to manifest your ancestor. (-10% HP)


Message History

Erolcha is almost dead.
You barely miss the troll. The troll bites you but does no damage.
You block the troll's attack. x2
Erolcha points at you and mumbles some strange words.
You resist with some effort.
Sinnashi hits Erolcha with a +0 quarterstaff.
The troll bites you. The troll claws you but does no damage.
You block the troll's attack.
You hit Erolcha.
Erolcha is almost dead.
You hit the troll. Erolcha casts a spell at you. The crystal spear hits you!!!
Ouch! That really hurt!
* * * LOW HITPOINT WARNING * * *
Sinnashi hits Erolcha with a +0 quarterstaff!
Erolcha dies!
Your Axes skill increases to level 9!
The troll bites you!
You die...

.# # #.# #. #.# #.. +.#
#...#####.# #.........#
#.......<.###############
#......T@................
.......)R.....#########..
..............# #..
..............# #..
..............# #..
...........†..# #..
....(########.#########..
..... #............ #.#
########.....


You could see the friendly Sinnashi the battlemage and a troll.

Vanquished Creatures
  A komodo dragon (D:9)
  Sigmund (D:3)
  Eustachio (D:5)
  2 water moccasins (D:8)
  An orc warrior (D:9)
  2 black bears (D:9)
  A sky beast (D:8)
  3 ogres
  2 centaurs
  3 bullfrogs (D:9)
  10 wights
  2 killer bees (D:8)
  3 hounds
  A jelly (D:7)
  Crazy Yiuf (D:3)
  5 orc priests
  2 centaur skeletons
  5 orc wizards
  3 iguanas
  5 worker ants
  Natasha (twice) (D:3)
  Robin (D:3)
  A howler monkey skeleton (D:4)
  12 adders
  2 shadow imps
  2 white imps
  An ufetubus (D:8)
  An ooze (D:3)
  6 worms
  A dart slug (D:2)
  28 orcs
  8 bats
  11 giant cockroaches
  14 goblins
  5 hobgoblins
  8 jackals
  3 quokkas
  3 ball pythons
  5 frilled lizards
  5 kobolds
  6 rats
179 creatures vanquished.

Vanquished Creatures (collateral kills)
  Erolcha (D:9)
  A manticore (D:7)
  A water moccasin (D:8)
  2 black bears
  A necrophage (D:6)
  4 orc warriors
  2 sky beasts (D:7)
  An ogre (D:8)
  A wyvern zombie (D:7)
  2 scorpions
  5 killer bees
  2 wights (D:8)
  A centaur zombie (D:7)
  3 orc priests (D:8)
  4 orc wizards
  A centaur skeleton (D:4)
  2 iguanas
  4 worker ants
  2 hound zombies
  A howler monkey zombie (D:7)
  2 worker ant zombies
  A howler monkey skeleton (D:5)
  2 white imps
  An ufetubus (D:6)
  2 leopard geckos
  5 orcs
  A giant cockroach (D:6)
  A quokka (D:6)
56 creatures vanquished.

Vanquished Creatures (others)
  2 battlemagi
  An orc (D:8)
  20 fungi (D:9)
  21 plants
44 creatures vanquished.

Grand Total: 279 creatures vanquished

Notes
Turn   | Place    | Note
-------+----------+-------------------------------------------
     0 | D:1      | Riddle the Gargoyle Fighter began the quest for the Orb.
     0 | D:1      | Reached XP level 1. HP: 14/14 MP: 1/1
   288 | D:1      | Reached XP level 2. HP: 16/19 MP: 2/2
   920 | D:2      | Reached XP level 3. HP: 17/24 MP: 3/3
  1366 | D:2      | Found a sparkling altar of Nemelex Xobeh.
  1822 | D:3      | Reached XP level 4. HP: 24/29 MP: 4/4
  2153 | D:3      | Noticed Sigmund
  2174 | D:3      | Killed Sigmund
  2174 | D:3      | Reached XP level 5. HP: 29/34 MP: 5/5
  2174 | D:3      | Reached XP level 6. HP: 35/40 MP: 6/6
  2233 | D:3      | Reached skill level 5 in Armour
  2250 | D:3      | Reached skill level 5 in Fighting
  2473 | D:3      | Noticed Robin
  2486 | D:3      | Reached skill level 5 in Shields
  2498 | D:3      | Killed Robin
  2582 | D:3      | Noticed Natasha
  2597 | D:3      | Killed Natasha
  2631 | D:3      | Noticed Natasha
  2636 | D:3      | Killed Natasha
  2800 | D:3      | Found a runed translucent door.
  2801 | D:3      | Noticed Crazy Yiuf
  2876 | D:3      | Killed Crazy Yiuf
  2950 | D:4      | Reached XP level 7. HP: 42/44 MP: 7/7
  3344 | D:4      | Found a staircase to the Ecumenical Temple.
  3569 | D:4      | Found a runed translucent gate.
  3569 | D:4      | Noticed Kinoniko's ghost (amateur MfGl)
  3569 | D:4      | Identified the +4 short sword of Sin {flame, +Rage +Inv
                  | rF+}
  3569 | D:4      | Identified the +2 chain mail "Zirasmit" {Str-3 Int+8 Dex+6
                  | Slay-4}
  3626 | Temple   | Entered the Ecumenical Temple
  3720 | Temple   | Became a worshipper of Hepliaklqana the Forgotten
  3920 | D:4      | Found a runed translucent gate.
  3925 | D:4      | Found a runed translucent gate.
  4186 | D:4      | Found a roughly hewn altar of Beogh.
  4221 | D:5      | Entered Level 5 of the Dungeon
  4405 | D:5      | Found Noacag's Gadget Shoppe.
  4433 | D:5      | Noticed Eustachio
  4460 | D:5      | Killed Eustachio
  4460 | D:5      | Reached XP level 8. HP: 41/46 MP: 8/8
  4738 | D:5      | Reached * piety under Hepliaklqana
  5487 | D:6      | Found an opulent altar of Gozag.
  5929 | D:6      | Found a hide-covered altar of Uskayaw.
  5929 | D:6      | Found an ancient bone altar of Kikubaaqudgha.
  5930 | D:6      | Reached ** piety under Hepliaklqana
  5931 | D:6      | Remembered your ancestor Sinnashi as a battlemage
  6211 | D:7      | Reached XP level 9. HP: 53/53 MP: 9/9
  6658 | D:7      | Noticed a manticore
  6671 | D:7      | Killed a manticore
  6676 | D:7      | Got an ichor-stained whip
  6686 | D:7      | Identified the +6 whip "Akuja" {holy, +Rage rPois rC-
                  | Int-2} (You found it on level 7 of the Dungeon)
  6876 | D:7      | Reached skill level 5 in Axes
  7027 | D:7      | Reached *** piety under Hepliaklqana
  7298 | D:8      | Found a bloodstained altar of Trog.
  7352 | D:8      | Found a large runed translucent door.
  7353 | D:8      | Found a large runed translucent door.
  7360 | D:8      | Noticed Kinoniko's ghost (novice MiFi)
  7448 | D:8      | Reached XP level 10. HP: 57/58 MP: 10/10
  7706 | D:8      | Found a sacrificial altar of Ru.
  8275 | D:9      | Found a staircase to the Lair.
  8277 | D:9      | Noticed Erolcha
  8548 | D:9      | Killed Erolcha
  8548 | D:9      | Slain by a troll

Illustrated notes

Levels and vault maps discovered:
D:1:      minmay_arrival_cross, layout_basic
D:2:      layout_basic, nemelex_xobeh_ov_fountains_minmay, serial_forest,
          infiniplex_forest_end_double, infiniplex_forest_clump_double,
          infiniplex_forest_straight_2, infiniplex_forest_lined_ring,
          infiniplex_forest_straight_3, infiniplex_forest_end_double
D:3:      layout_basic, minmay_checkerbox, uniq_natasha, uniq_robin,
          uniq_sigmund, uniq_crazy_yiuf_cottage
D:4:      layout_basic, temple_hall, biasface_ghost_orc_armoury, st_stairs_10
D:5:      layout_gridville, serial_shops, nicolae_shop_waterfront,
          uniq_eustachio
D:6:      layout_basic, gammafunk_temple_overflow_pools, basic_altar
D:7:      kennysheep_windowed_halls, layout_basic, minmay_misc_feat_nine_boxes,
          hangedman_decor_peaks_small
D:8:      layout_basic, nicolae_ru_awakened_eye, ebering_ghost_disaster_area,
          trog_butcher_becter
D:9:      layout_irregular_city, due_lair_maze_entry_diamond, orc_0_dummy,
          fedhas_altar_1, uniq_erolcha
Temple:   compressed_dpeg_circular_temple

Skill      XL: |  1  2  3  4  5  6  7  8  9 10 |
---------------+-------------------------------+-----
Fighting       | 4 5 6 7 8 9 |  9.8
Armour         | 4 5 6 7 8 9 |  9.8
Shields        | 4 5 6 7 8 9 |  9.8
Axes           | 6 9 |  9.4

Action                   |  1- 3 |  4- 6 |  7- 9 | 10-12 || total
-------------------------+-------+-------+-------+-------++-------
Melee: War axe           |   137 |   183 |   350 |   150 ||   820
       Short sword       |    12 |       |       |       ||    12
Invok: Ancestor Identity |       |       |     1 |       ||     1
       Ancestor Life: Ba |       |       |     1 |       ||     1
  Use: Scroll            |       |       |     2 |     1 ||     3
 Stab: Distracted        |       |       |     1 |     1 ||     2
Armor: Scale mail        |    69 |       |       |       ||    69
       Plate armour      |       |   148 |   227 |    85 ||   460
Dodge: Dodged            |    51 |    36 |    78 |    32 ||   197
Block: Kite shield       |    96 |   211 |   351 |   153 ||   811
       Reflection        |       |       |    11 |     3 ||    14

Table legend: (Time is in decaauts)
 A = Elapsed time spent in this place.
 B = Non-inter-level travel time spent in this place.
 C = Inter-level travel time spent in this place.
 D = Time resting spent in this place.
 E = Time spent auto-exploring this place.
 F = Levels seen in this place.
 G = Mean time per level.
                   A        B        C        D        E       F      G
               +--------+--------+--------+--------+--------+-----+--------+
         Total |   8892 |   8453 |    439 |    544 |   6051 |  10 |  889.2 |
       Dungeon |   8788 |   8375 |    413 |    544 |   5976 |   9 |  976.4 |
        Temple |    103 |     77 |     26 |      0 |     75 |   1 |  103.0 |
               +--------+--------+--------+--------+--------+-----+--------+

Top non-repeatable levels by time:
     D:3: 1313 daAuts
     D:7: 1237 daAuts
     D:4: 1221 daAuts
     D:8: 1152 daAuts
     D:1: 943 daAuts
     D:5: 902 daAuts
     D:6: 890 daAuts
     D:2: 855 daAuts
     D:9: 272 daAuts
  Temple: 103 daAuts
